 Dungeon Crawl Stone Soup version 0.31.0-11-ge490571c62 (webtiles) character file.

Game seed: 6099486853670352867

84 qw the Shooter (level 4, -1/25 HPs)
             Began as a Deep Elf Hunter on Feb 5, 2024.
             Slain by a goblin
             ... wielding a +0 club
             ... led by Robin
              (3 damage)
             ... on level 2 of the Dungeon.
             The game lasted 00:00:25 (1406 turns).

qw the Shooter (Deep Elf Hunter)                    Turns: 1406, Time: 00:00:25

Health: -1/25      AC:  6    Str: 10    XL:     4   Next: 23%
Magic:  6/6        EV:  9    Int: 14    God:
Gold:   77         SH:  0    Dex: 18    Spells: 3/3 levels left

rFire   . . .        a - +0 shortbow
rCold   . . .        (shield currently unavailable)
rNeg    . . .        f - +0 scale mail
rPois   .            (no helmet)
rElec   .            (no cloak)
rCorr   .            (no gloves)
SInv    .            (no boots)
Will    .....        (no amulet)
Stlth   +            (no ring)
HPRegen 0.24/turn    (no ring)
MPRegen 0.10/turn

%: no passive effects
@: no status effects
A: no striking features
a: no special abilities


You were on level 2 of the Dungeon.
You visited 1 branch of the dungeon, and saw 2 of its levels.

You collected 77 gold pieces.


   Skills:
 - Level 1.5 Fighting
 + Level 7.6 Ranged Weapons
 - Level 2.4 Dodging
 - Level 1.2 Stealth


You had 3 spell levels left.
You didn't know any spells.
Your spell library was empty.

Inventory:

Hand Weapons
 a - a +0 shortbow (weapon)
Armour
 f - a +0 scale mail (worn)
Potions
 b - a potion of resistance {unknown}
 c - a potion of mutation {unknown}
 d - a potion of degeneration {unknown}
 e - a potion of enlightenment {unknown}
 g - a potion of ambrosia {unknown}

Dungeon Overview and Level Annotations

Branches:
Dungeon (2/15)

Altars:


Message History

You shoot an arrow. The arrow hits the goblin.
You kill the goblin!
Robin roars a battlecry!
A goblin comes into view. It is wielding a +0 club.
You shoot an arrow.
The arrow hits the goblin but does no damage.
Robin throws the goblin at you! The goblin hits you with a +0 club.
You shoot an arrow. The arrow barely misses the goblin.
The goblin closely misses you. The goblin hits you with a +0 club. x2
You shoot an arrow. The arrow closely misses the goblin.
Robin roars a battlecry!
The goblin closely misses you. x2
You shoot an arrow. The arrow closely misses the goblin.
A hobgoblin comes into view.
The goblin hits you but does no damage. The goblin hits you with a +0 club.
You shoot an arrow. The arrow completely misses the goblin.
The goblin hits you but does no damage. The goblin closely misses you.
The goblin hits you but does no damage. The goblin barely misses you.
You shoot an arrow. The arrow hits Robin.
Robin is moderately wounded.
The goblin hits you with a +0 club.
A goblin comes into view. It is wielding a +0 dagger.
Robin closely misses you. The goblin hits you with a +0 club.
You shoot an arrow. The arrow hits Robin.
Robin is heavily wounded.
Robin flexes a bicep menacingly.
Robin throws the goblin at you! The goblin barely misses you.
The goblin hits you but does no damage.
You shoot an arrow. The arrow hits Robin!
You kill Robin!
The goblin hits you with a +0 club. The goblin barely misses you.
The goblin hits you with a +0 club. The goblin closely misses you.
You shoot an arrow. The arrow barely misses the goblin.
The goblin no longer looks unusually strong.
The goblin hits you but does no damage. x2
The hobgoblin hits you but does no damage.
You shoot an arrow.
The arrow hits the goblin but does no damage.
The goblin hits you with a +0 club.
You die...

#.#####.#######.####...#
#.##...................#
#.##.##%#######.####...#
#.##.##.# #.........
#.......# #.......##
####.###### ##########
#.####.## #######..
#...gg..#####.......#
####@.>.......#####.#
#)g.........#####..
#.)........ ...##.#
#g#...#.....##.##.# #.
#.##...........# #. ##
##.####.#### #.
####.#### #. #........
#.##%####


You could see a hobgoblin (strong) and 3 goblins.

Vanquished Creatures
  Robin (D:2)
  3 dart slugs
  A ribbon worm (D:2)
  3 ball pythons
  3 bats (D:1)
  4 endoplasms
  4 giant cockroaches
  3 goblins
  8 hobgoblins
  12 jackals
  5 kobolds
  7 frilled lizards
  2 rats (D:1)
56 creatures vanquished.

Notes
Turn   | Place    | Note
-------+----------+-------------------------------------------
     0 | D:1      | qw the Deep Elf Hunter began the quest for the Orb.
     0 | D:1      | Reached XP level 1. HP: 12/12 MP: 3/3
     0 | D:1      | 0 ||| qw: Version: 0.3-a-160-g6735b56
     0 | D:1      | 0 ||| qw: Game counter: 6141
     0 | D:1      | 0 ||| qw: Melee chars always use a shield: true
     0 | D:1      | 0 ||| qw: God list: Okawaru
     0 | D:1      | 0 ||| qw: Allow faded altars: false
     0 | D:1      | 0 ||| qw: Do Orc after clearing Dungeon:15 true
     0 | D:1      | 0 ||| qw: Do second Lair branch before Depths: true
     0 | D:1      | 0 ||| qw: Lair rune preference: random
     0 | D:1      | 0 ||| qw: Goals: Normal
     0 | D:1      | 0 ||| PLANNING D:1-11
    67 | D:1      | Reached XP level 2. HP: 16/16 MP: 4/4
    71 | D:1      | Reached skill level 6 in Ranged Weapons
   261 | D:1      | Reached XP level 3. HP: 20/20 MP: 5/5
   565 | D:1      | Found a faded altar of an unknown god.
   973 | D:1      | Reached skill level 7 in Ranged Weapons
  1034 | D:1      | 1034 ||| UPGRADING to +0 scale mail.
  1044 | D:1      | 1044 ||| DROPPING +0 leather armour.
  1045 | D:1      | 1045 ||| DROPPING scroll of butterflies.
  1097 | D:2      | HP: 5/20 [jackal (2)]
  1102 | D:2      | HP: 2/20 [jackal (1)]
  1276 | D:2      | Reached XP level 4. HP: 25/25 MP: 6/6
  1394 | D:2      | Noticed Robin
  1404 | D:2      | Killed Robin
  1404 | D:2      | HP: 5/25 [goblin/+0 club[Robin] (3)]
  1404 | D:2      | HP: 1/25 [goblin/+0 club[Robin] (4)]
  1406 | D:2      | Slain by a goblin

Levels and vault maps discovered:
D:1:      wander_arrival_lonely_grave, layout_basic,
          shapermc_ecumenical_altar_flowoftime, minivault_19,
          minmay_gold_behind_fungi, minmay_misc_feat_tiny, minmay_domino_2
D:2:      layout_loops_cross, uniq_robin, uniq_jessica

Skill      XL: |  1  2  3 |
---------------+----------+-----
Ranged Weapons | 6 7 |  7.6
Fighting       | |  1.5
Dodging        | |  2.4
Stealth        | |  1.2

Action                     |  1- 3 |  4- 6 || total
---------------------------+-------+-------++-------
   Fire: Shortbow          |   130 |    22 ||   152
 Armour: Leather armour    |    11 |       ||    11
         Scale mail        |    54 |    20 ||    74
  Dodge: Dodged            |    59 |    12 ||    71

Table legend:
 A = Non-vault XP
 B = Vault XP
 C = Vault XP percentage of total XP
 D = Non-vault monster count
 E = Vault monster count
 F = Vault count percentage of total count
                 A         B        C        D         E       F
            +---------+---------+-------+---------+---------+-------
      Total |      99 |      21 |  17.5 |      51 |       5 |   8.9
            +---------+---------+-------+---------+---------+-------
        D:1 |      62 |       2 |   3.1 |      33 |       2 |   5.7
        D:2 |      37 |      19 |  33.9 |      18 |       3 |  14.3
            +---------+---------+-------+---------+---------+-------
